 Dungeon Crawl Stone Soup version 0.28-a0-816-gb054d885db (webtiles) character file.

Game seed: 16255238545986870633

290 vurker the Gusty (level 6, 27/27 HPs)
             Began as a Felid Air Elementalist on Nov 8, 2021.
             Quit the game on level 5 of the Dungeon.
             The game lasted 00:06:20 (7286 turns).

vurker the Gusty (Felid Air Elementalist)           Turns: 7286, Time: 00:06:21

Health: 27/27      AC:  2    Str:  4    XL:     6   Next: 9%
Magic:  13/13      EV: 17    Int: 18    God:
Gold:   322        SH:  0    Dex: 17    Spells: 12/13 levels left
                                        Lives:  1   Deaths: 1

rFire   . . .      SeeInvis +   (weapon unavailable)
rCold   . . .      Faith    .   (shield unavailable)
rNeg    . . .      Spirit   .   (armour unavailable)
rPois   .          Reflect  .   (helmet unavailable)
rElec   .          Harm     .   (cloak unavailable)
rCorr   .          Rampage  .   (gloves unavailable)
Will    .....                   (boots unavailable)
Stlth   ++........              (no amulet)
HPRegen 0.09/turn               (no ring)
MPRegen 0.13/turn               (no ring)

@: quick
A: very small, claws 1, fangs 3, see invisible, speed 1, shaggy fur 2, stealthy
paws, no weapons or thrown items, no armour, multi-lived
a: no special abilities


You were on level 5 of the Dungeon.
You visited 1 branch of the dungeon, and saw 5 of its levels.

You collected 322 gold pieces.

Inventory:

Scrolls
 a - a scroll of immolation {unknown}
 b - a scroll of magic mapping {unknown}
 c - a scroll of torment {unknown}
 d - a scroll of teleportation {unknown}
 e - 2 scrolls of enchant weapon {unknown}
 f - 2 scrolls of identify {unknown}
 h - a scroll of silence {unknown}
 k - a scroll of fear {unknown}
Potions
 g - a potion of heal wounds {unknown}
 i - 2 potions of curing {unknown}
 j - a potion of ambrosia {unknown}
 l - a potion of brilliance {unknown}


   Skills:
 + Level 2.6 Fighting
 - Level 2.6 Dodging
 - Level 2.6 Stealth
 * Level 4.4 Spellcasting
 + Level 2.9 Conjurations
 * Level 4.7 Air Magic


You had 12 spell levels left.
You knew the following spells:

 Your Spells              Type           Power      Damage    Failure   Level
a - Shock                 Conj/Air       68%        1d7       3%          1

Your spell library contained the following spells:

 Spells                   Type           Power      Damage    Failure   Level
 Static Discharge         Conj/Air       17%        N/A       4%          2
 Swiftness                Air            21%        N/A       6%          3
 Airstrike                Air            10%        N/A       21%         4


Dungeon Overview and Level Annotations

Branches:
Dungeon (5/15)
 Temple: D:4-7

Altars:

Shops:
D:4 (

Annotations:
D:5 Dowan, Duvessa


Innate Abilities, Weirdness & Mutations

You have sharp claws.
You have razor-sharp teeth.
You have supernaturally acute eyesight. (SInv)
You cover ground quickly. (Speed+)
You are covered in thick fur. (AC +2)
Your paws help you pounce on unaware monsters.
You are incapable of wielding weapons or throwing items.
You cannot wear armour.
You gain extra lives every three experience levels.


Message History

There is an open door here.
Found a viscous golden potion.
l - a viscous golden potion As you open the door, it creaks loudly!
There is an open door here.
You open the door.
There is an open door here.
An ufetubus comes into view.
An ufetubus is nearby!
An ufetubus is nearby!
An ufetubus is nearby!
The zap hits the ufetubus but does no damage.
The ufetubus shouts!
The zap misses the ufetubus.
The zap hits the ufetubus.
You kill the ufetubus!
You can't see any susceptible monsters within range! (Use Z to cast anyway.)
You can't see any susceptible monsters within range! (Use Z to cast anyway.)
There is an open door here.
You open the door.
There is an open door here.
There is an open door here.
There is an open door here.
There is an open door here.
There is an open door here.
There is a stone staircase leading up here.
Key pressed, stopping explore.
Duvessa is nearby!
Duvessa is nearby!
Duvessa is nearby!
Aim: Duvessa, wielding a +0 short sword and wearing a +0 ring mail (79% to hit)
The zap hits Duvessa.
Aim: Duvessa, wielding a +0 short sword and wearing a +0 ring mail (lightly wounded, 79% to hit)
The zap hits Duvessa.
Aim: Duvessa, wielding a +0 short sword and wearing a +0 ring mail (lightly wounded, 79% to hit)
The zap hits Duvessa.
You open the door.
There is an open door here.
You close the door.
Duvessa opens the door.
You open the door.
There is an open door here.
Dowan, Brother of Duvessa comes into view.
He is wielding a +0 dagger and wearing a +2 robe of cold resistance.
Dowan shouts!
There is an open door here.
Dowan says, "Magic and the sword, together, will defeat you."
There is an open door here.
Dowan says, "Stay away from my face!"
Duvessa says, "Where magic fails, the sword succeeds!"
Found a +0 leather armour.

#.....##..########..#.....#
'.....#....#...#....#.....#
#.....#....'...'....#.....+
#+#######+##'###+####.....#
....................e.##+##
......................+
......................#
......................##
#'#.............@.........
..##'#########....#'##.[..
...#......#..#....#..#..... ..
...#......#..#....#..#.....#+##..
..##......#..#....#..' ..........
..##......#..#....#.†#. /......
..##....###'##....#..######......
..#########.#....##..##...#......
...#........#....#...'....#......


You could see Duvessa.

Vanquished Creatures
  A bullfrog (D:4)
  3 scorpions (D:5)
  A bullfrog zombie (D:5)
  2 centaur skeletons (D:4)
  A bullfrog skeleton (D:5)
  A howler monkey skeleton (D:5)
  6 adders
  A white imp (D:4)
  An ufetubus (D:5)
  An adder skeleton (D:4)
  A worm (D:2)
  4 dart slugs (D:2)
  4 orcs (D:3)
  3 ball pythons
  8 bats
  10 endoplasms
  7 giant cockroaches
  6 goblins
  8 hobgoblins
  6 jackals
  7 kobolds
  6 quokkas
  3 training dummies (D:4)
  2 frilled lizards
  3 rats
96 creatures vanquished.

Vanquished Creatures (others)
  8 plants (D:2)
8 creatures vanquished.

Grand Total: 104 creatures vanquished

Notes
Turn   | Place    | Note
-------+----------+-------------------------------------------
     0 | D:1      | vurker the Felid Air Elementalist began the quest for the
                  | Orb.
     0 | D:1      | Reached XP level 1. HP: 7/7 MP: 4/4
    42 | D:1      | Reached skill level 1 in Conjurations
   419 | D:1      | Reached XP level 2. HP: 12/12 MP: 3/6
  1446 | D:1      | Reached XP level 3. HP: 15/15 MP: 0/7
  1991 | D:2      | Reached skill level 1 in Fighting
  2243 | D:2      | Found a faded altar of an unknown god.
  3190 | D:3      | Reached XP level 4. HP: 19/19 MP: 3/9
  4459 | D:4      | Reached XP level 5. HP: 14/22 MP: 1/10
  5552 | D:4      | Gained mutation: You are covered in thick fur. (AC +2)
                  | [Felid growth]
  5552 | D:4      | Reached XP level 6. HP: 10/26 MP: 2/12
  5979 | D:4      | Found Nuzy's Firing Range.
  6248 | D:5      | Entered Level 5 of the Dungeon
  6809 | D:5      | Reached XP level 7. HP: 30/30 MP: 8/14
  7000 | D:5      | Noticed Duvessa
  7051 | D:5      | HP: 1/30 [black bear (11)]
  7051 | D:5      | Slain by a black bear
  7052 | D:5      | Reached XP level 6. HP: -1/27 MP: 7/13
  7266 | D:5      | Noticed Dowan
  7286 | D:5      | Quit the game

Illustrated notes

Levels and vault maps discovered:
D:1:      erik_arrival_triangle_small, layout_basic, minivault_26
D:2:      layout_rooms, chequers_ecumenical_altar_simple_redux,
          serial_bayou_ford_a, grunt_decor_mini_mirrors
D:3:      layout_basic, hangedman_glass_garden
D:4:      layout_loops_corners, serial_glass, glass_columns_a, glass_columns_c,
          nicolae_shop_firing_range
D:5:      layout_gridville, minmay_temple_entry_mist, glass_columns_a,
          minmay_misc_feat_tower, uniq_duvessa

Skill      XL: |  1  2  3  4  5  6 |
---------------+-------------------+-----
Conjurations   | 1 2 |  2.9
Air Magic      | 3 4 |  4.7
Fighting       | 1 2 |  2.6
Spellcasting   | 3 4 |  4.4
Dodging        | |  2.6
Stealth        | |  2.6

Action                   |  1- 3 |  4- 6 |  7- 9 || total
-------------------------+-------+-------+-------++-------
Melee: Unarmed           |    16 |     3 |       ||    19
 Cast: Shock             |   139 |   165 |    14 ||   318
Armor: Skin              |     3 |     5 |       ||     8
Dodge: Dodged            |    28 |    43 |    11 ||    82

Table legend: (Time is in decaauts)
 A = Elapsed time spent in this place.
 B = Non-inter-level travel time spent in this place.
 C = Inter-level travel time spent in this place.
 D = Time resting spent in this place.
 E = Time spent auto-exploring this place.
 F = Levels seen in this place.
 G = Mean time per level.
                   A        B        C        D        E       F      G
               +--------+--------+--------+--------+--------+-----+--------+
         Total |   6675 |   6592 |     83 |    350 |   5503 |   5 | 1335.0 |
       Dungeon |   6675 |   6592 |     83 |    350 |   5503 |   5 | 1335.0 |
               +--------+--------+--------+--------+--------+-----+--------+

Top non-repeatable levels by time:
     D:1: 1708 daAuts
     D:3: 1510 daAuts
     D:4: 1435 daAuts
     D:2: 1083 daAuts
     D:5: 937 daAuts
